 Dungeon Crawl Stone Soup version 0.29-a0-690-g32ab5fea29 (webtiles) character file.

Game seed: 15723834100674713716

39 KristoblXynda the Slasher (level 3, -1/45 HPs)
             Began as a Draconian Gladiator on June 25, 2022.
             Slain by Sigmund
             ... wielding a +0 scythe
              (5 damage)
             ... on level 2 of the Dungeon.
             The game lasted 00:01:19 (1790 turns).

KristoblXynda the Slasher (Draconian Gladiator)     Turns: 1790, Time: 00:01:19

Health: -1/45      AC: 21    Str: 16    XL:     3   Next: 28%
Magic:  3/3        EV:  2    Int:  8    God:
Gold:   42         SH:  0    Dex: 14    Spells: 2/2 levels left

rFire   . . .      SeeInvis .   a - +0 long sword
rCold   . . .      Faith    .   (no shield)
rNeg    . . .      Spirit   .   (body armour unavailable)
rPois   +          Reflect  .   (helmet currently unavailable)
rElec   .          Harm     .   (cloak currently unavailable)
rCorr   .          Rampage  .   (gloves currently unavailable)
Will    .....      NoTele   +   (boots currently unavailable)
Stlth   +.........              (no amulet)
HPRegen 0.15/turn               (no ring)
MPRegen 0.08/turn               (no ring)

@: mighty, tree-form, attractive
A: stationary, stasis, torment immunity, boosted hp, AC +5, unfitting armour,
(cold-blooded)
a: no special abilities


You were on level 2 of the Dungeon.
You were a tree.
You visited 1 branch of the dungeon, and saw 2 of its levels.

You collected 42 gold pieces.

Inventory:

Hand Weapons
 a - a +0 long sword (weapon)
Missiles
 c - 3 throwing nets (quivered)
 d - a javelin
Armour
 b - a +0 hat (melded)
 j - a +0 cloak (melded)
Scrolls
 i - a scroll of enchant armour {unknown}
 k - a scroll of brand weapon {unknown}
Potions
 e - a potion of attraction
 f - 2 potions of flight
 g - a potion of ambrosia {unknown}
 l - 2 potions of might


   Skills:
 + Level 2.8 Fighting
 * Level 3.6 Long Blades
 - Level 2.0 Throwing
 + Level 3.0 Dodging


You had 2 spell levels left.
You didn't know any spells.
Your spell library was empty.

Dungeon Overview and Level Annotations

Branches:
Dungeon (2/15)

Altars:

Shops:
D:2 [

Annotations:
D:2 Sigmund


Innate Abilities, Weirdness & Mutations

You are a tree.
Your roots penetrate the ground, keeping you stationary.
You cannot be teleported.
You are immune to unholy pain and torment.
Your maximum health is greatly increased.
Your equipment is partially melded.
((Your plain brown scales are hard. (AC +5)))
You cannot fit into any form of body armour.
((You are cold-blooded and may be slowed by cold attacks.))


Message History

As you read the scroll labelled CAKHLUR ZUOFFUOKLA, it crumbles to dust.
It is a scroll of identify.
f - 2 potions of flight Sigmund mumbles some strange words.
Sigmund flickers and vanishes!
Deactivating autopickup; reactivate with Ctrl-A.
Something hits you but does no damage.
It was a potion of might.
You feel very mighty all of a sudden.
You slash something!
Your tail-slap misses something.
Something hits you.
You hit something. Something barely misses you.
You miss something. Something hits you.
You miss something. Something hits you.
You completely miss something. You barely miss something.
Your tail-slap misses something.
Something hits you.
You hit something but do no damage. Something hits you.
* * * LOW HITPOINT WARNING * * *
You miss something. Something hits you.
* * * LOW HITPOINT WARNING * * *
Unknown command.
It was a potion of attraction.
You feel attractive to monsters. Something barely misses you.
Unknown command.
It was a potion of lignification.
You turn into a tree.
Your +0 cloak melds into your body.
Your +0 hat melds into your body.
Your roots penetrate the ground.
You cannot move.
You cannot move.
You cannot move.
Something hits you.
* * * LOW HITPOINT WARNING * * *
Something hits you but does no damage.
You cannot move.
You cannot move.
Something hits you but does no damage. Something hits you but does no damage.
You cannot move.
Something hits you.
You die...

##...# .....#####
##...#.#.##
##.#...#.##
#......#.#######
###^...........#
##.###.#####.#######
#..#.## #.{[.....
#.#.## #♣# ##'###
#.##### ##...##
#.....# ##..)..##
#.###..... #.......##
##.###.8.8.
#.........####......#
.
+.........'.........#
#.........####....###
##.......## ##.#.#


There were no monsters in sight!

Vanquished Creatures
  3 ball pythons (D:1)
  7 bats
  3 endoplasms (D:1)
  2 giant cockroaches (D:1)
  2 goblins (D:1)
  3 hobgoblins
  4 kobolds
  6 quokkas
  2 rats (D:1)
32 creatures vanquished.

Notes
Turn   | Place    | Note
-------+----------+-------------------------------------------
     0 | D:1      | KristoblXynda the Draconian Gladiator began the quest for
                  | the Orb.
     0 | D:1      | Reached XP level 1. HP: 17/17 MP: 1/1
   672 | D:1      | Reached XP level 2. HP: 25/25 MP: 2/2
  1359 | D:1      | Reached XP level 3. HP: 28/30 MP: 3/3
  1701 | D:2      | Found Itsammaq's Antique Armour Emporium.
  1769 | D:2      | Noticed Sigmund
  1790 | D:2      | Slain by Sigmund

Illustrated notes

Levels and vault maps discovered:
D:1:      elethiomel_arrival_maze, layout_basic, roderic_lattice_a
D:2:      minmay_chambers_of_twos, layout_loops_corners, serial_shops,
          nicolae_shop_overgrown_old_shop, basic_altar,
          dreamdust_ecumenical_altar_angels_and_demons, uniq_sigmund

Skill      XL: |  1  2 |
---------------+-------+-----
Throwing       | 2 |  2.0
Dodging        | 3 |  3.0
Fighting       | |  2.8
Long Blades    | |  3.6

Action                   || total
-------------------------++-------
Melee: Long sword        ||    89
       Tailslap          ||    10
  Use: Potion            ||     3
       Scroll            ||     1
 Stab: Sleeping          ||     3
Armor: Skin              ||    44
Dodge: Dodged            ||    58

Table legend: (Time is in decaauts)
 A = Elapsed time spent in this place.
 B = Non-inter-level travel time spent in this place.
 C = Inter-level travel time spent in this place.
 D = Time resting spent in this place.
 E = Time spent auto-exploring this place.
 F = Levels seen in this place.
 G = Mean time per level.
                   A        B        C        D        E       F      G
               +--------+--------+--------+--------+--------+-----+--------+
         Total |   1813 |   1779 |     34 |    527 |   1008 |   2 |  906.5 |
       Dungeon |   1813 |   1779 |     34 |    527 |   1008 |   2 |  906.5 |
               +--------+--------+--------+--------+--------+-----+--------+

Top non-repeatable levels by time:
     D:1: 1709 daAuts
     D:2: 103 daAuts
